 Seeded DCSS version 0.27.1-34-g3ba077fa99 (webtiles) character file.

Game seed: 74894893043 (custom seed)

89 lonewolfV2 the Skirmisher (level 4, -7/35 HPs)
             Began as a Demonspawn Fighter on Jan 6, 2022.
             Killed by nerve-wracking pain
             ... invoked by Grinder
              (9 damage)
             ... while paralysed by Grinder
             ... on level 3 of the Dungeon.
             The game lasted 00:03:42 (2340 turns).

lonewolfV2 the Skirmisher (Demonspawn Fighter)      Turns: 2340, Time: 00:03:43

Health: -7/35      AC: 17    Str: 17    XL:     4   Next: 31%
Magic:  4/4        EV:  2    Int: 10    God:
Gold:   120        SH:  0    Dex: 12    Spells: 3/3 levels left

rFire    . . .     SeeInvis .   a - +0 war axe
rCold    . . .     Faith    .   c - +0 kite shield
rNeg     . . .     Spirit   .   h - +4 scale mail
rPois    +         Reflect  .   (no helmet)
rElec    .         Harm     .   i - +2 cloak
rCorr    .         Rampage  .   (no gloves)
Will     .....                  (no boots)
Stlth    ..........             (no amulet)
HPRegen  0.11/turn              e - ring of poison resistance
MPRegen  0.09/turn              g - +4 ring of protection

@: paralysed
A: large bone plates 2
a: no special abilities


You were on level 3 of the Dungeon.
You visited 1 branch of the dungeon, and saw 3 of its levels.

You collected 120 gold pieces.

Inventory:

Hand Weapons
 a - a +0 war axe (weapon)
Armour
 c - a +0 kite shield (worn)
 h - a +4 scale mail (worn)
 i - a +2 cloak (worn)
Jewellery
 e - a ring of poison resistance (left hand)
 g - a +4 ring of protection (right hand)
Wands
 j - a wand of flame (24) (quivered)
Scrolls
 b - 3 scrolls of teleportation
Potions
 d - a potion of might
 f - a potion of lignification


   Skills:
 + Level 3.3 Fighting
 + Level 3.0 Axes
 + Level 3.1 Armour
 + Level 0.2 Dodging
 + Level 3.2 Shields


You had 3 spell levels left.
You didn't know any spells.
Your spell library contained the following spells:

 Spells                   Type           Power      Damage    Failure   Level
 Beastly Appendage        Tmut           0%         N/A       99%         1
 Freeze                   Ice            0%         1d3       99%         1
 Wereblood                Tmut           0%         N/A       100%        2
 Frozen Ramparts          Ice            0%         1d2       100%        3
 Spider Form              Tmut/Pois      0%         N/A       100%        3
 Hailstorm                Conj/Ice       0%         3d3       100%        4


Dungeon Overview and Level Annotations

Branches:
Dungeon (3/15)

Altars:

Annotations:
D:3 Grinder


Innate Abilities, Weirdness & Mutations

You are mostly covered in large bone plates. (SH +6)


Message History

Grinder hits you but does no damage.
You hit Grinder but do no damage.
Grinder is moderately wounded.
You barely miss the kobold. The kobold hits you but does no damage.
Grinder barely misses you. You block the kobold's attack.
You block Grinder's attack.
You hit Grinder.
Grinder is moderately wounded.
You closely miss the kobold. You block the kobold's attack.
Grinder hits you but does no damage. You block the kobold's attack.
Your shield prevents you from hitting Grinder.
Grinder is moderately wounded.
You closely miss the kobold. You block Grinder's attack.
The kobold hits you but does no damage. You block Grinder's attack.
You slash Grinder!
Grinder is heavily wounded.
You completely miss the kobold. You block the kobold's attack.
You block Grinder's attack. The kobold hits you but does no damage.
Grinder gestures at you. Pain shoots through your body!
You closely miss Grinder.
Grinder is heavily wounded.
You hit the kobold.
You kill the kobold!
Grinder hits you.
You writhe in agony.
* * * LOW HITPOINT WARNING * * *
You hit Grinder but do no damage.
Grinder is heavily wounded.
Grinder gestures at you. You resist with significant effort.
Grinder gestures at you.
You suddenly lose the ability to move!
Grinder hits you.
* * * LOW HITPOINT WARNING * * *
You writhe in agony.
* * * LOW HITPOINT WARNING * * *
Grinder hits you but does no damage. Grinder gestures at you.
Pain shoots through your body!
You die...

#.............#
#......#.#
#####....##'#.#
#.##...#.# #....##.#.#
#.##..>#.# #....##.#.#
#.##.###.# #######+#+#
#.##.# #.# ....!..
####.##.###'#### .......
#.....#.#.......
.......###.#####.#.......
.......5@..#..##.#.......
.......)####..##.#.......
........####..##.#.......
..............##>###'####
.......####...##.###.#
.......+...........#.#
.......####.########.#
....... #..........#
....... ############


You could see Grinder.

Vanquished Creatures
  3 adders
  3 worms
  5 bats
  6 endoplasms
  A giant cockroach (D:2)
  4 goblins
  4 hobgoblins
  3 jackals (D:2)
  2 quokkas (D:2)
  4 ball pythons
  2 frilled lizards
  10 kobolds
  5 rats
52 creatures vanquished.

Notes
Turn   | Place    | Note
-------+----------+-------------------------------------------
     0 | D:1      | lonewolfV2 the Demonspawn Fighter began the quest for the
                  | Orb.
     0 | D:1      | Reached XP level 1. HP: 18/18 MP: 1/1
   220 | D:1      | Found a faded altar of an unknown god.
   225 | D:1      | Gained mutation: You are partially covered in large bone
                  | plates. (SH +4) [demonic ancestry]
   225 | D:1      | Reached XP level 2. HP: 24/24 MP: 2/2
   744 | D:2      | Reached XP level 3. HP: 14/29 MP: 3/3
  1715 | D:3      | Gained mutation: You are mostly covered in large bone
                  | plates. (SH +6) [demonic ancestry]
  1715 | D:3      | Reached XP level 4. HP: 18/35 MP: 4/4
  2319 | D:3      | Noticed Grinder
  2337 | D:3      | Paralysed by Grinder for 6 turns
  2340 | D:3      | Killed from afar by Grinder

Illustrated notes

Levels and vault maps discovered:
D:1:      nagdon_arrival_zigzag_paths, layout_basic,
          shapermc_ecumenical_altar_venn
D:2:      layout_rooms, grunt_decor_resistance
D:3:      layout_basic, uniq_grinder

Skill      XL: |  1  2  3  4 |
---------------+-------------+-----
Axes           | 2 3 |  3.0
Armour         | 3 |  3.1
Shields        | 3 |  3.2
Fighting       | |  3.3
Dodging        | |  0.2

Action                   |  1- 3 |  4- 6 || total
-------------------------+-------+-------++-------
Melee: War axe           |    88 |    44 ||   132
  Use: Potion            |     2 |       ||     2
       Scroll            |     2 |     1 ||     3
Armor: Scale mail        |    74 |    26 ||   100
       Skin              |     1 |       ||     1
Dodge: Dodged            |    32 |    13 ||    45
Block: Kite shield       |    87 |    46 ||   133
